Map: Neon Violet Square LE

Players

kauP

  • Race: Terran Terran
  • Spawn Location: 5:00

Cyan - Winner!

  • Race: Protoss Protoss
  • Spawn Location: 11:00

Event: WCS Leipzig 2018

VOD

Have the link to the VOD?

Description

Time

  • Played on: Jan. 26, 2018, 9:27 a.m.
  • Length: 10:11

All games in this series

Show
View Real Time Build Order
Export as new Build Order

kauP Terran 

Build Orders: MMM Bio 

Get SALT Encoding   

  12  0:00  SCV  
  13  0:12  SCV  
  14  0:18  Supply Depot  
  14  0:24  SCV  
  15  0:40  SCV, Barracks  
  16  0:45  Refinery  
  16  0:52  SCV  
  17  1:01  Barracks  
  17  1:05  SCV  
  18  1:17  SCV  
  19  1:29  Orbital Command  
  19  1:36  Supply Depot, Barracks Reactor  
  19  1:51  Barracks Tech Lab  
  19  1:55  SCV  
  20  2:07  SCV  
  21  2:10  Concussive Shells, Marauder  
  21  2:12  Marine x2  
  21  2:15  Supply Depot  
  25  2:19  SCV  
  26  2:30  Marine x2  
  26  2:31  SCV  
  26  2:32  Marauder  
  31  2:37  Supply Depot  
  31  2:43  SCV  
  32  2:48  Marine x2  
  34  2:53  Marauder  
  34  2:56  SCV  
  37  3:08  SCV  
  38  3:12  Marine  
  38  3:13  Marine  
  38  3:15  Marauder  
  42  3:22  SCV  
  43  3:30  Command Center, Stimpack  
  43  3:34  Marine x2  
  43  3:37  SCV  
  46  3:43  Supply Depot  
  41  3:57  Engineering Bay, Factory  
  41  4:01  Marine  
  41  4:02  Marine x2  
  41  4:03  SCV  
  40  4:16  SCV  
  41  4:19  Marine x3  
  41  4:21  Refinery  
  44  4:27  Missile Turret  
  44  4:30  Terran Infantry Weapons Level 1  
  44  4:31  SCV  
  45  4:37  Marine x3  
  47  4:48  SCV  
  47  4:51  Barracks  
  47  4:52  Orbital Command  
  48  5:00  SCV  
  48  5:05  Marine x2  
  46  5:17  Missile Turret  
  46  5:18  Factory Reactor  
  46  5:20  Barracks  
  45  5:29  SCV  
  45  5:31  Starport  
  45  5:33  Marine  
  44  5:36  SCV  
  44  5:42  SCV  
  45  5:48  SCV, Marine  
  47  5:53  Marine, Marauder  
  47  5:54  SCV  
  51  6:00  SCV  
  51  6:06  SCV, Marine x2  
  51  6:11  Marine  
  55  6:12  SCV  
  55  6:14  Medivac x2  
  55  6:17  Combat Shields  
  55  6:18  SCV  
  61  6:19  Marine x2  
  61  6:24  SCV  
  64  6:28  Refinery  
  64  6:30  SCV  
  64  6:31  Terran Infantry Armor Level 1  
  65  6:36  SCV  
  65  6:39  Marine x2  
  67  6:42  SCV  
  69  6:48  SCV  
  69  6:53  Command Center  
  70  6:57  SCV  
  70  7:09  Supply Depot  
  70  7:10  Barracks  
  70  7:11  Supply Depot  
  70  7:17  SCV x2  
  70  7:19  Medivac  
  70  7:20  Medivac  
  68  7:25  Marine x2, Marauder  
  68  7:29  SCV x2  
  64  7:39  Widow Mine  
  64  7:40  Marine x2  
  64  7:41  SCV x2  
  64  7:42  Marine  
  64  7:43  Refinery  
  70  7:46  Marauder, Marine  
  70  7:48  Medivac  
  75  7:57  Supply Depot x2  
  75  8:01  SCV x2  
  76  8:07  Liberator  
  76  8:08  Orbital Command, Marauder  
  78  8:13  SCV, Factory Reactor  
  78  8:14  Barracks Tech Lab, Barracks Reactor  
  78  8:16  Barracks Tech Lab  
  78  8:17  SCV, Marine x2  
  82  8:25  SCV  
  86  8:33  SCV  
  87  8:37  SCV  
  87  8:40  Marine x2  
  94  8:41  Marauder x3  
  94  8:44  Orbital Command  
  96  8:49  Liberator  
  96  8:50  Liberator  
  96  8:53  Refinery  
  96  8:56  Widow Mine x2  
  96  8:57  SCV  
  96  8:58  SCV, Refinery  
  108  9:10  SCV  
  108  9:17  Supply Depot  
  108  9:19  Supply Depot  
  108  9:21  Marine x3  
  108  9:22  Marine  
  108  9:23  SCV x2  
  114  9:24  Marine x3  
  117  9:32  Supply Depot  
  117  9:39  Marine x2  
  117  9:44  Marine x2  
  117  9:45  Marine, Marauder x2  
  128  9:46  Widow Mine x2  
Show
View Real Time Build Order
Export as new Build Order

Cyan Protoss - Winner!

Build Orders: 1 Gate Expand, Oracle Opening 

Get SALT Encoding   

  12  0:00  Probe  
  13  0:13  Probe  
  14  0:18  Pylon  
  14  0:25  Probe (Chrono Boost)  
  15  0:37  Probe (Chrono Boost)  
  15  0:38  Gateway  
  16  0:46  Probe (Chrono Boost)  
  16  0:47  Assimilator  
  17  0:51  Probe  
  18  1:03  Probe  
  19  1:15  Probe  
  20  1:25  Nexus  
  20  1:35  Cybernetics Core  
  20  1:39  Probe  
  21  1:43  Assimilator  
  21  1:51  Probe  
  22  1:54  Pylon  
  22  2:03  Probe  
  23  2:10  Adept (Chrono Boost)  
  23  2:15  Probe  
  26  2:22  Stargate  
  26  2:25  Warp Gate  
  26  2:29  Probe (Chrono Boost)  
  27  2:32  Adept  
  27  2:36  Probe (Chrono Boost)  
  30  2:41  Probe (Chrono Boost)  
  31  2:47  Probe (Chrono Boost)  
  31  2:48  Probe (Chrono Boost)  
  33  2:51  Probe (Chrono Boost)  
  33  2:55  Probe  
  35  3:03  Probe  
  35  3:04  Oracle (Chrono Boost)  
  39  3:07  Probe  
  39  3:09  Pylon  
  39  3:12  Adept  
  42  3:21  Gateway  
  42  3:31  Shield Battery  
  42  3:34  Oracle  
  42  3:37  Adept (Chrono Boost)  
  47  3:46  Shield Battery  
  47  3:48  Pylon  
  47  3:55  Probe x2  
  47  4:03  Gateway  
  47  4:04  Gateway  
  47  4:07  Probe x2  
  47  4:09  Oracle (Chrono Boost)  
  52  4:19  Probe  
  52  4:21  Probe  
  54  4:25  Pylon  
  54  4:31  Probe  
  55  4:34  Probe  
  56  4:40  Assimilator  
  56  4:43  Probe  
  56  4:44  Assimilator  
  57  4:46  Probe  
  57  4:47  Twilight Council  
  57  4:48  Robotics Facility  
  56  4:55  Probe, Pylon  
  56  4:58  Probe  
  58  5:07  Probe  
  58  5:10  Probe  
  60  5:18  Charge (Chrono Boost)  
  60  5:19  Probe, Nexus  
  61  5:22  Probe, Pylon  
  61  5:26  Sentry  
  61  5:27  Zealot  
  60  5:29  Pylon  
  60  5:37  Immortal (Chrono Boost)  
  60  5:42  Sentry, Zealot  
  68  5:47  Gateway  
  68  5:53  Gateway  
  68  6:01  Sentry, Zealot  
  68  6:03  Probe  
  70  6:05  Shield Battery  
  70  6:07  Pylon  
  70  6:13  Immortal (Chrono Boost)  
  74  6:19  Probe x2  
  76  6:30  Probe, Forge  
  76  6:31  Probe  
  76  6:32  Forge  
  78  6:34  Probe  
  78  6:37  Zealot  
  81  6:40  Zealot  
  81  6:43  Probe  
  81  6:45  Zealot  
  86  6:48  Observer  
  86  6:50  Zealot x2  
  86  6:53  Zealot  
  93  7:04  Probe x2  
  93  7:06  Protoss Ground Weapons Level 1 (Chrono Boost)  
  95  7:08  Zealot x3  
  95  7:13  Observer, Protoss Ground Armor Level 1 (Chrono Boost)  
  95  7:15  Probe  
  102  7:16  Probe  
  103  7:26  Zealot x3  
  103  7:29  Blink  
  103  7:30  Probe  
  103  7:32  Pylon x2  
  102  7:41  Zealot x2  
  102  7:42  Zealot  
  108  7:49  Gateway  
  108  7:50  Gateway  
  108  7:51  Templar Archives  
  106  7:56  Warp Prism (Chrono Boost)  
  106  7:58  Observer  
  108  8:08  Probe  
  109  8:13  Zealot x6  
  109  8:17  Pylon  
  121  8:20  Pylon  
  121  8:30  Observer (Chrono Boost)  
  122  8:36  Stalker x2  
  122  8:37  Stalker  
  122  8:40  Pylon  
  122  8:41  Stalker  
  130  8:51  Nexus  
  130  8:53  Pylon  
  130  8:56  High Templar x4  
  130  8:59  High Templar  
  130  9:00  High Templar, Archon x2  
  130  9:01  Stalker  
  144  9:03  Archon  
  144  9:09  Stalker  
  146  9:27  Zealot  
  146  9:30  Zealot x4  
  156  9:42  Stalker x3  
  150  9:52  Stalker  
  150  9:53  Stalker x2, Zealot x2  
  148  10:05  Stalker x2  
  148  10:06  Zealot  
Tags
 
Add a new tag
Caveats
  • Supply blocks, unpowered buildings, or Contaminate may cause inaccurate times.
  • Supply counts are checked every 10 seconds.